 Dungeon Crawl Stone Soup version 0.31.0-11-ge490571c62 (webtiles) character file.

Game seed: 15241797248716896737

33 Bravepunisher the Ducker (level 3, 0/19 HPs)
             Began as a Spriggan Monk on Feb 3, 2024.
             Succumbed to a water moccasin's poison
             ... on level 5 of the Dungeon.
             The game lasted 00:04:20 (925 turns).

Bravepunisher the Ducker (Spriggan Monk)             Turns: 925, Time: 00:04:21

Health: 0/19       AC:  2    Str:  7    XL:     3   Next: 12%
Magic:  4/4        EV: 20    Int: 11    God:
Gold:   110        SH:  0    Dex: 19    Spells: 2/2 levels left

rFire   . . .        a - +0 short sword
rCold   . . .        (no shield)
rNeg    . . .        b - +0 robe
rPois   .            (helmet restricted)
rElec   .            (no cloak)
rCorr   .            (gloves unavailable)
SInv    +            (boots unavailable)
Will    .....        (no amulet)
Stlth   ++           (no ring)
HPRegen 0.23/turn    (no ring)
MPRegen 0.09/turn

%: no passive effects
@: brilliant, lethally poisoned (0 -> -17), about to teleport, very quick
A: very small, no large weapons, unfitting armour, see invisible, speed 3,
evolution 1
a: no special abilities


You were on level 5 of the Dungeon.
You visited 1 branch of the dungeon, and saw 5 of its levels.

You collected 110 gold pieces.

Inventory:

Hand Weapons
 a - a +0 short sword (weapon)
Armour
 b - a +0 robe (worn)
Jewellery
 d - a +6 ring of dexterity
Scrolls
 h - a scroll of identify {unknown}
Potions
 c - a potion of ambrosia
 f - a potion of mutation
 g - a potion of brilliance


   Skills:
 + Level 2.8 Fighting
 - Level 3.2 Short Blades
 * Level 5.2 Dodging


You had 2 spell levels left.
You didn't know any spells.
Your spell library contained the following spells:

 Spells                   Type           Power      Damage    Failure   Level
 Mercury Vapours          Alch/Air       0%         N/A       47%         2
 Mephitic Cloud           Conj/Alch/Air  0%         N/A       71%         3
 Freezing Cloud           Conj/Ice/Air   0%         6-21      100%        5


Dungeon Overview and Level Annotations

Branches:
Dungeon (5/15)
 Temple: D:4-7

Altars:
Cheibriados
Elyvilon
Fedhas
Zin

Shops:
D:4 **


Innate Abilities, Weirdness & Mutations

You are very small and have problems with some larger weapons.
You are too small for most types of armour.
You have supernaturally acute eyesight. (SInv)
You cover ground extremely quickly. (Speed+++)
You have hidden genetic potential.


Message History

There is a stone staircase leading up here.
HP restored.
A bombardier beetle comes into view.
There is a stone staircase leading up here.
You enter a teleport trap!
The teleport trap disappears.
Your surroundings suddenly seem different.
A scorpion comes into view.
Found a scroll labelled LEMUCL VOJERGHUDUU and a helmet.
Found 14 gold pieces and a scroll labelled TEZXEL PUMUFEG.
A water moccasin comes into view.
Found a stone staircase leading down.
You see here a +0 helmet.
The water moccasin hisses angrily.
An iguana comes into view.
Found 4 stones.
Found a blossoming altar of Fedhas.
The water moccasin bites you.
You are poisoned.
The water moccasin poisons you!
You feel sick.
Unknown command.
You feel sick.
The iguana hisses angrily.
The water moccasin attacks as it pursues you!
The water moccasin closely misses you.
You feel sick.
It was a potion of mutation.
You feel extremely strange.
You feel a hidden potential growing inside you.
You feel sick. The water moccasin misses you. The iguana barely misses you.
Sorry, you're not good enough to have a special ability.
Unknown command.
It was a potion of brilliance.
You feel clever all of a sudden.
You feel sick. The water moccasin bites you.
* * * LOW HITPOINT WARNING * * *
You are lethally poisoned!
The water moccasin poisons you! The iguana completely misses you.
The water moccasin closely misses you.
As you read the scroll labelled ZAUW GUFOAH, it crumbles to dust.
You feel strangely unstable.
It was a scroll of teleportation.
You die...

#.......## ##
..........##.
.>..........
#....?$.....#
#...........###
##
#.............#
..##
#........###.##
...#
#........##S..##
...##
#.......##@l...#
....#
##.....[#.......#
....#
##.....#..._...#
....#
#..s.##.....(.#
....##
##?..###.....##
.....# #...##
##...##
.....####.###
##### .....##...#
.....#...##


You could see a water moccasin and an iguana.

Vanquished Creatures
  An orc (D:4)
  2 endoplasms
  2 giant cockroaches
  3 goblins
  A hobgoblin (D:1)
  6 jackals (D:1)
  3 kobolds (D:1)
  2 quokkas
  3 ball pythons
  A bat (D:2)
  2 rats
26 creatures vanquished.

Notes
Turn   | Place    | Note
-------+----------+-------------------------------------------
     0 | D:1      | Bravepunisher the Spriggan Monk began the quest for the
                  | Orb.
     0 | D:1      | Reached XP level 1. HP: 11/11 MP: 2/2
   172 | D:1      | Reached XP level 2. HP: 14/16 MP: 3/3
   475 | D:2      | Reached skill level 5 in Dodging
   614 | D:4      | Reached XP level 3. HP: 9/19 MP: 4/4
   770 | D:4      | Noticed a black bear
   810 | D:4      | Found a snail-covered altar of Cheibriados.
   810 | D:4      | Found a glowing silver altar of Zin.
   823 | D:4      | Found Rozys's General Store.
   826 | D:4      | Found Leluqo's Specific Store.
   850 | D:4      | Found a white marble altar of Elyvilon.
   855 | D:4      | Noticed a phantom
   866 | D:5      | Entered Level 5 of the Dungeon
   905 | D:5      | Noticed a scorpion
   913 | D:5      | Noticed a water moccasin
   919 | D:5      | Found a blossoming altar of Fedhas.
   923 | D:5      | Gained mutation: You have hidden genetic potential. [potion
                  | of mutation]
   925 | D:5      | Succumbed to a water moccasin's poison

Illustrated notes

Levels and vault maps discovered:
D:1:      sevenhm_arrival_forest_fort_large_2, layout_loops_corners,
          serial_shops, shop
D:2:      layout_basic, serial_co_window_serial, co_window_paths_b,
          co_window_paths_a, co_window_paths_b, co_window_cross_1,
          co_window_corner_a, co_window_paths_c, co_window_cross_4,
          co_window_2corner, co_window_4corner_b, glass_columns_c
D:3:      layout_rooms, old_standard_altar, nicolae_ru_sacrificial_ziggurat,
          lemuel_doored_altar
D:4:      layout_gridville, mainiacjoe_overflow_alcove_4,
          mainiacjoe_overflow_large_starburst, ebering_ghost_disaster_area,
          nicolae_eternal_life, nicolae_specific_store, guppyfry_early_orc_mine
D:5:      layout_cave_pods, lemuel_round_altar,
          regret_index_xom_buried_treasure, cheibrodos_ashenzari_chains

Skill      XL: |  1  2 |
---------------+-------+-----
Dodging        | 5 |  5.2
Fighting       | |  2.8
Short Blades   | |  3.2

Action                     || total
---------------------------++-------
  Melee: Short sword       ||   139
         Punch             ||     2
    Use: Potion            ||     2
         Scroll            ||     1
   Stab: Sleeping          ||     1
 Armour: Robe              ||    46
  Dodge: Dodged            ||   113
